 Dungeon Crawl Stone Soup version 0.16-a0-3873-g452e4d5 (webtiles) character file.

179 Furman the Insei (level 5, 0/33 HPs)
             Began as an Octopode Transmuter on Feb 1, 2015.
             Slain by a ball python (1 damage)
             ... in a sewer.
             The game lasted 00:06:57 (2806 turns).

Furman the Insei (Octopode Transmuter)              Turns: 2806, Time: 00:06:57

Health: 0/33       AC:  1    Str: 15    XL:     5   Next: 59%
Magic:  7/9        EV: 12    Int: 16    God:
Gold:   125        SH:  0    Dex: 12    Spells: 2 memorised, 4 levels left

rFire  . . .     SeeInvis .       - Unarmed
rCold  . . .     Clarity  .     (no shield)
rNeg   . . .     SustAb   .     (helmet restricted)
rPois  .         Gourm    .     (no amulet)
rElec  .         Spirit   .     (no ring)
rCorr  .         Warding  .     (no ring)
rMut   .         Stasis   .     (no ring)
MR     .....                    (no ring)
Stlth  ++........               (no ring)
                                (no ring)
                                (no ring)
                                (no ring)

@: mighty, constricted, not resistant to hostile enchantments, unstealthy
A: almost no armour, amphibious, 8 rings, constrict 8, camouflage 1, gelatinous
body 1
a: no special abilities


You were in a sewer.
You were hungry.

You visited 1 branch of the dungeon, and saw 3 of its levels.
You also visited: Sewer.

You collected 125 gold pieces.

Inventory:

Missiles
 b - 94 arrows
Scrolls
 c - a scroll of identify {unknown}
 h - 2 scrolls of magic mapping {unknown}
 k - a scroll of random uselessness {unknown}
 l - a scroll of fog {unknown}
 n - 3 scrolls of teleportation {unknown}
 o - a scroll of remove curse {unknown}
 p - a scroll of noise {unknown}
 t - a scroll of amnesia {unknown}
Potions
 g - a potion of brilliance {unknown}
 i - a potion of haste {unknown}
 m - a potion of invisibility {unknown}
 q - a potion of restore abilities {unknown}
Books
 d - a book of Changes

   Spells                             Type                      Level
   a - Beastly Appendage              Transmutation                1
   b - Sticks to Snakes               Transmutation                2
   c - Spider Form                    Transmutation/Poison         3
   d - Ice Form                       Ice/Transmutation            4
   e - Blade Hands                    Transmutation                5
Comestibles
 a - 2 bread rations
 f - 3 fruits
 j - a meat ration
 r - a beef jerky
 s - 2 chunks of flesh


   Skills:
 - Level 1.0 Fighting
 - Level 2.0 Dodging
 + Level 4.2 Unarmed Combat
 - Level 2.0 Spellcasting
 * Level 4.1 Transmutations
 - Level 2.3 Poison Magic


You had 4 spell levels left.
You knew the following spells:

 Your Spells              Type           Power        Failure   Level  Hunger
a - Beastly Appendage     Trmt           ##....       4%          1    #......
b - Spider Form           Trmt/Pois      ##........   17%         3    ###....


Dungeon Overview and Level Annotations

Branches:
Dungeon (3/15)

Altars:
Nemelex Xobeh

Annotations:
Sewer Purgy


Innate Abilities, Weirdness & Mutations

You cannot wear most types of armour.
You are amphibious.
You can wear up to eight rings at the same time.
You can use your tentacles to constrict many enemies at once.
Your skin changes colour to match your surroundings (Stealth).
Your rubbery body absorbs attacks (AC +1).


Message History

* * * LOW HITPOINT WARNING * * *
The ball python grabs you. The ball python constricts you.
The ball python barely misses you.
* * * LOW HITPOINT WARNING * * *
The ball python constricts you.
Unknown command.
You escape the ball python's grasp.
The ball python completely misses you. The ball python misses you. x2
The ball python barely misses you. x2
The ball python grabs you. The ball python constricts you.
You escape the ball python's grasp.
Your transformation has ended.
Drink which item? (? for menu, Esc to quit)
Okay, then.
Drink which item? (? for menu, Esc to quit)
It was a potion of might.
You feel very mighty all of a sudden. The ball python closely misses you. x2
The ball python misses you. The ball python grabs you.
You die...

#.≈≈≈≈≈≈# ##.≈≈≈≈≈##
#.≈≈≈≈≈≈≈# ###≈≈≈≈≈≈≈≈≈
### #≈.≈≈≈≈≈≈≈≈≈ #.###
#.≈≈≈≈≈≈≈≈## ##∩∩.###
##≈≈≈≈≈≈≈≈≈#
≈.#.≈≈≈..###T≈≈≈≈≈≈≈≈≈#
≈≈≈≈≈≈≈≈≈≈≈#@S≈≈≈≈≈≈≈≈##
≈≈≈≈≈≈≈≈≈≈≈≈≈S≈≈≈≈≈≈≈≈#
≈≈≈≈≈≈≈≈≈≈≈≈≈≈≈≈≈≈≈≈≈≈≈#
≈≈≈≈≈≈≈≈≈≈≈≈≈≈≈≈≈≈≈≈##
≈≈≈≈≈≈≈≈≈≈≈≈≈≈≈≈≈≈##
≈≈≈≈≈≈≈≈≈≈≈≈≈≈≈≈##
≈≈≈≈≈≈#≈≈≈≈≈###
≈≈≈≈##≈≈### ≈## ####


You could see Purgy and 2 ball pythons.

Vanquished Creatures
  3 adders
  8 gnolls
  4 giant mites
  A worm (D:2)
  A giant gecko (D:1)
  An ooze (D:2)
  7 hobgoblins
  3 ball pythons
  5 bats
  5 giant cockroaches
  7 giant newts
  4 goblins
  2 jackals (D:2)
  4 kobolds
  6 rats
61 creatures vanquished.

Notes
Turn   | Place    | Note
--------------------------------------------------------------
     0 | D:1      | Furman, the Octopode Transmuter, began the quest for the Orb.
     0 | D:1      | Reached XP level 1. HP: 13/13 MP: 3/3
   101 | D:1      | Reached XP level 2. HP: 2/18 MP: 2/4
   433 | D:1      | Reached XP level 3. HP: 23/23 MP: 6/6
   438 | D:1      | Reached skill level 4 in Unarmed Combat
   443 | D:1      | Learned a level 3 spell: Spider Form
   774 | D:2      | Reached skill level 1 in Poison Magic
   777 | D:2      | Reached XP level 4. HP: 6/28 MP: 7/7
  1060 | D:2      | Found a sparkling altar of Nemelex Xobeh.
  1688 | D:2      | Reached XP level 5. HP: 28/33 MP: 9/9
  2534 | D:3      | Found a glowing drain.
  2577 | Sewer    | Entered a sewer
  2787 | Sewer    | Noticed Purgy
  2803 | Sewer    | HP: 1/33 [ball python (1)]
  2806 | Sewer    | Slain by a ball python

Action                   |  1- 3 |  4- 6 || total
-------------------------+-------+-------++-------
Melee: Unarmed           |    50 |   109 ||   159
 Cast: Beastly Appendage |     3 |    13 ||    16
       Spider Form       |       |     1 ||     1
  Use: Potion            |       |     1 ||     1
 Stab: Sleeping          |     2 |     7 ||     9
  Eat: Chunk             |       |     5 ||     5
       Fruit             |       |     1 ||     1
